 Dungeon Sprint DCSS version 0.32-a0-135-g14f8b2e1af (webtiles) character file.

Game seed: 17464151023998726085

590 Conn the Destroyer (level 7, -3/41 HPs)
             Began as an Octopode Fire Elementalist on Feb 10, 2024.
             Was an Initiate of Sif Muna.
             Slain by a human (14 damage)
             ... in the Dungeon (Sprint III: "The Ten Rune Challenge").
             The game lasted 00:04:37 (496 turns).

Conn the Destroyer (Octopode Fire Elementalist)      Turns: 496, Time: 00:04:38

Health: -3/41      AC:  1    Str:  7    XL:     7   Next: 38%
Magic:  0/20       EV: 15    Int: 19    God:    Sif Muna [......]
Gold:   29         SH:  0    Dex: 13    Spells: 12/22 levels left

rFire   . . .        d - +2 long sword (holy)
rCold   . . .        (no shield)
rNeg    . . .        (helmet restricted)
rPois   .            (no amulet)
rElec   .            (no ring)
rCorr   .            (no ring)
SInv    .            (no ring)
Will    .....        (no ring)
Stlth   ++++         (no ring)
HPRegen 0.26/turn    (no ring)
MPRegen 0.17/turn    (no ring)
                     (no ring)

%: no teleportation
@: mighty
A: almost no armour, amphibious, 8 rings, camouflage 1, gelatinous body 1,
(nimble swimmer 1), tentacles, high MP 1, wild magic 2, evolution 1, MP-powered
wands
a: Renounce Religion


You were in the Dungeon.
You worshipped Sif Muna.
Sif Muna was noncommittal.
You visited 1 branch You collected 29 gold pieces.

Inventory:

Hand Weapons
 d - a +2 long sword of holy wrath (weapon)
 l - a +0 dagger
Scrolls
 g - a scroll of fear {unknown}
 h - 2 scrolls of immolation {unknown}
 i - 2 scrolls of identify {unknown}
Potions
 a - 3 potions of magic
 b - 4 potions of curing
 c - 2 potions of heal wounds
 e - 2 potions of mutation
 k - 3 potions of enlightenment


   Skills:
 + Level 6.4 Dodging
 - Level 6.0 Stealth
 * Level 8.2 Spellcasting
 * Level 8.6 Conjurations
 + Level 7.0 Fire Magic


You had 12 spell levels left.
You knew the following spells:

 Your Spells              Type           Power      Damage    Failure   Level
a - Foxfire               Conj/Fire      100%       2x1d9     2%          1
b - Scorch                Fire           100%       2d9       3%          2
c - Inner Flame           Hex/Fire       33%        N/A       14%         3
d - Flame Wave            Conj/Fire      57%        2d14      10%         4

Your spell library contained the following spells:

 Spells                   Type           Power      Damage    Failure   Level
 Volatile Blastmotes      Fire/Tloc      66%        2d15      14%         3
 Lesser Beckoning         Tloc           24%        N/A       28%         2
 Gell's Gravitas          Tloc           12%        N/A       43%         3
 Teleport Other           Tloc           12%        N/A       43%         3
 Anguish                  Hex/Necr       6%         N/A       80%         4
 Cause Fear               Hex            6%         N/A       80%         4
 Enfeeble                 Hex            6%         N/A       100%        7


Dungeon Overview and Level Annotations

Branches:
Dungeon (1/1)

Altars:
Elyvilon
Kikubaaqudgha
Okawaru
Sif Muna
Trog
Uskayaw
Vehumet
Wu Jian
Zin
The Shining One


Innate Abilities, Weirdness & Mutations

You cannot wear most types of armour.
You are amphibious.
You can wear up to eight rings at the same time.
Your skin changes colour to match your surroundings (Stealth+).
Your rubbery body absorbs attacks. (AC +1, EV +1)
((You are camouflaged when in or above water. (Stealth+)))
You have tentacles for arms and can constrict up to eight enemies at once.
You have an increased reservoir of magic. (+10% MP)
Your spells are harder to cast, but more powerful.
You have hidden genetic potential.
You expend magic power (3 MP) to strengthen your wands.


Message History

The human is moderately wounded.
The human's fire resistance burns away.
Casting: Scorch (safe; 3% risk of failure)
Confirm with . or Enter, or press ? or * to list all spells.
Flames lash the human.
Flame seeps out of the human.
The human is moderately wounded.
The human's fire resistance burns away.
Unknown command.
The human attacks as it pursues you! The human closely misses you.
The human is engulfed in blazing flames.
Flame seeps out of the human.
You feel yourself slow down.
There is a fountain of clear blue water here.
The human misses you.
Casting: Scorch (safe; 3% risk of failure)
Confirm with . or Enter, or press ? or * to list all spells.
You conjure some foxfire!
The human hits you!
Unknown command.
You aren't carrying any items that you can evoke.
Okay, then.
Unknown command.
The human is no longer more vulnerable to fire. x2
The foxfire hits the human.
The human is moderately wounded.
The foxfire hits the human.
The human is moderately wounded.
The human is engulfed in a cloud of scalding steam.
The human attacks as it pursues you! The human barely misses you.
There is an open door to the Ecumenical Temple here.
Casting: Foxfire (safe; 2% risk of failure)
Confirm with . or Enter, or press ? or * to list all spells.
You conjure some foxfire!
The human hits you! x2
* * * LOW HITPOINT WARNING * * *
The foxfire hits the human.
Flame seeps out of the human.
The human is almost dead.
Unknown command.
The foxfire hits the human.
Flame seeps out of the human.
The human is almost dead.
The human hits you!
You die...

▓▓▓▓▓▓▓▓ ▓▓▓ <..#...####
##.#########
...#......#####..#___#___#
..##.......#..#..#...#__)
##.##.##...#..#..###'#'###+##
##.##.###..##'#.§#..........#
#.####.##..###..@p.⌠........#
.###..##..####...#p..######+#
#.....##..###....#.⌠.#
###..##...##.....#...#
##..##....#......#)###
#..###..##.#.....#...# #..#
#..#####....#___# ▓▓▓▓ ▓▓▓▓
▓▓▓▓▓▓▓▓▓▓


You could see 2 humans.

Vanquished Creatures
  A deep elf pyromancer (D)
  A scorpion (D)
  A water elemental (D)
  An arcanist (D)
  A human (D)
  A kobold demonologist (D)
  An endoplasm (D)
  3 rats (D)
10 creatures vanquished.

Vanquished Creatures (others)
  26 foxfires (D)
26 creatures vanquished.

Grand Total: 36 creatures vanquished

Notes
Turn   | Place    | Note
-------+----------+-------------------------------------------
     0 | D        | Conn the Octopode Fire Elementalist began the quest for the
                  | Orb.
     0 | D        | Reached XP level 1. HP: 11/11 MP: 3/3
   122 | D        | Noticed a scorpion
   144 | D        | Reached XP level 2. HP: 17/17 MP: 0/6
   187 | D        | Learned a level 2 spell: Scorch
   198 | D        | Killed a scorpion
   199 | D        | Reached skill level 5 in Stealth
   199 | D        | Reached XP level 3. HP: 21/21 MP: 2/8
   199 | D        | Reached XP level 4. HP: 27/27 MP: 2/10
   219 | D        | Learned a level 3 spell: Inner Flame
   224 | D        | Learned a level 4 spell: Flame Wave
   266 | D        | Noticed a water elemental
   270 | D        | Killed a water elemental
   271 | D        | Reached skill level 5 in Spellcasting
   271 | D        | Reached skill level 5 in Conjurations
   271 | D        | Reached skill level 5 in Fire Magic
   271 | D        | Reached XP level 5. HP: 14/31 MP: 2/12
   351 | D        | Found a radiant altar of Vehumet.
   351 | D        | Found a shimmering blue altar of Sif Muna.
   351 | D        | Found an ancient bone altar of Kikubaaqudgha.
   361 | D        | Became a worshipper of Sif Muna the Loreminder
   403 | D        | Found a glowing silver altar of Zin.
   404 | D        | Found a glowing golden altar of the Shining One.
   404 | D        | Found a white marble altar of Elyvilon.
   405 | D        | Noticed a deep elf pyromancer
   406 | D        | Noticed a fire elemental
   406 | D        | Noticed a fire elemental
   411 | D        | Gained mutation: You have hidden genetic potential. [potion
                  | of mutation]
   411 | D        | Gained mutation: You expend magic power (3 MP) to
                  | strengthen your wands. [potion of mutation]
   411 | D        | Gained mutation: Your spells are a little harder to cast,
                  | but a little more powerful. [potion of mutation]
   411 | D        | Gained mutation: Your spells are harder to cast, but more
                  | powerful. [potion of mutation]
   453 | D        | Killed a deep elf pyromancer
   454 | D        | Reached XP level 6. HP: 36/36 MP: 4/17
   454 | D        | Reached XP level 7. HP: 41/41 MP: 4/18
   478 | D        | Gained mutation: You have an increased reservoir of magic.
                  | (+10% MP) [hidden potential]
   486 | D        | Found a hide-covered altar of Uskayaw.
   486 | D        | Found an iron altar of Okawaru.
   486 | D        | Found a bloodstained altar of Trog.
   486 | D        | Found an ornate altar of the Wu Jian Council.
   486 | D        | Noticed a human
   486 | D        | Noticed a human
   496 | D        | Slain by a human

Illustrated notes

Levels and vault maps discovered:
D:        dungeon_sprint_mu [sprint_mu_entry_cave, sprint_mu_temple_rooms,
          sprint_mu_d1_spiders, sprint_mu_d2_genie, sprint_mu_d3_branching,
          sprint_mu_orc_legion, sprint_mu_elf_gauntlet, sprint_mu_hive_nellie,
          sprint_mu_lair_fedhas, sprint_mu_vaults_butterflies,
          sprint_mu_slime_circle, sprint_mu_swamp_cave, sprint_mu_snake_twists,
          sprint_mu_blade_basic, sprint_mu_crypt_lich, sprint_mu_tomb_spiral,
          sprint_mu_vestibule_basic, sprint_mu_gehenna_hellfire,
          sprint_mu_dis_giant, sprint_mu_tartarus_statrot,
          sprint_mu_cocytus_islands, sprint_mu_zot1]

Skill      XL: |  1  2  3  4  5 |
---------------+----------------+-----
Stealth        | 3 5 6 |  6.0
Spellcasting   | 3 4 5 8 |  8.2
Conjurations   | 2 4 5 8 |  8.6
Fire Magic     | 4 5 7 |  7.0
Dodging        | 3 4 6 |  6.4

Action                     |  1- 3 |  4- 6 |  7- 9 || total
---------------------------+-------+-------+-------++-------
  Melee: Unarmed           |     7 |       |       ||     7
         Constrict         |     1 |       |       ||     1
         Tentacles         |     1 |       |       ||     1
   Cast: Foxfire           |     9 |     3 |     2 ||    14
         Scorch            |     2 |     7 |     2 ||    11
         Inner Flame       |       |     1 |     1 ||     2
    Use: Potion            |     1 |     3 |       ||     4
         Scroll            |       |     1 |       ||     1
 Armour: Skin              |     3 |     2 |     4 ||     9
  Dodge: Dodged            |     2 |     1 |     3 ||     6

Table legend: (Time is in decaauts)
 A = Elapsed time spent in this place.
 B = Non-inter-level travel time spent in this place.
 C = Inter-level travel time spent in this place.
 D = Time resting spent in this place.
 E = Time spent auto-exploring this place.
 F = Levels seen in this place.
 G = Mean time per level.
                   A        B        C        D        E       F      G
               +--------+--------+--------+--------+--------+-----+--------+
         Total |    486 |    486 |      0 |    248 |      0 |   1 |  486.0 |
       Dungeon |    486 |    486 |      0 |    248 |      0 |   1 |  486.0 |
               +--------+--------+--------+--------+--------+-----+--------+

Top non-repeatable levels by time:
       D: 486 daAuts
